 Dungeon Crawl Stone Soup version 0.28-a0-556-gab23d0e057 (webtiles) character file.

Game seed: 1708727357140041146

65 miscthings the Firebug (level 4, -2/42 HPs)
             Began as a Naga Cinder Acolyte on Sept 29, 2021.
             Was a High Priest of Ignis.
             Slain by a gnoll (12 damage)
             ... on level 3 of the Dungeon.
             The game lasted 00:02:23 (1904 turns).

miscthings the Firebug (Naga Cinder Acolyte)        Turns: 1904, Time: 00:02:24

Health: -2/42      AC:  3    Str: 17    XL:     4   Next: 13%
Magic:  0/7        EV:  9    Int: 15    God:    Ignis [*****.]
Gold:   112        SH:  0    Dex:  6    Spells: 6/8 levels left

rFire   + + .      SeeInvis +   a - -1 mace (flame)
rCold   + . .      Faith    .   (no shield)
rNeg    + . .      Spirit   .   b - +0 robe
rPois   +          Reflect  .   (no helmet)
rElec   +          Harm     .   h - +0 cloak
rCorr   +          Rampage  .   (no gloves)
Will    .....                   (no barding)
Stlth   +.........              (no amulet)
HPRegen 0.14/turn               c - ring of positive energy
MPRegen 0.10/turn               (no ring)

@: short of breath, resistant, very slightly contaminated, very slow
A: AC +1, large, see invisible, deformed body, poison resistance, slowness 2,
spit poison 1, naga tail 1
a: Spit Poison, Renounce Religion, Sea of Fire, Foxfire Swarm, Rising Flame


You were on level 3 of the Dungeon.
You worshipped Ignis.
Ignis was extremely pleased with you.
You visited 1 branch of the dungeon, and saw 3 of its levels.

You collected 112 gold pieces.

Inventory:

Hand Weapons
 a - a -1 mace of flaming (weapon)
Armour
 b - a +0 robe (worn)
 h - a +0 cloak (worn)
Jewellery
 c - a ring of positive energy (left hand)
Scrolls
 i - a scroll of magic mapping {unknown}
 k - a scroll of teleportation {unknown}
 l - a scroll of noise {unknown}
Potions
 d - a potion of might {unknown}
 e - a potion of mutation {unknown}
 f - a potion of ambrosia {unknown}
 g - a potion of resistance
 j - 2 potions of lignification {unknown}


   Skills:
 - Level 3.0 Fighting
 - Level 3.0 Maces & Flails
 + Level 2.5 Spellcasting
 + Level 4.0 Fire Magic


You had 6 spell levels left.
You knew the following spells:

 Your Spells              Type           Power      Damage    Failure   Level
a - Scorch                Fire           28%        2d6       6%          2

Your spell library contained the following spells:

 Spells                   Type           Power      Damage    Failure   Level
 Shock                    Conj/Air       4%         1d3       22%         1
 Static Discharge         Conj/Air       1%         N/A       32%         2
 Airstrike                Air            0%         N/A       91%         4
 Iskenderun's Battlesphe  Conj           1%         2d6       99%         5
 Lee's Rapid Deconstruct  Erth           0%         3d5*      99%         5
 Lightning Bolt           Conj/Air       0%         1d11      99%         5
 Iron Shot                Conj/Erth      0%         9d1       100%        6
 Spellforged Servitor     Conj/Summ      0%         N/A       100%        7
 Maxwell's Capacitive Co  Air            0%         ∞         100%        8


Dungeon Overview and Level Annotations

Branches:
Dungeon (3/15)

Altars:

Shops:
D:3 [


Innate Abilities, Weirdness & Mutations

Your serpentine skin is tough. (AC +1)
You have supernaturally acute eyesight. (SInv)
Armour fits poorly on your strangely shaped body.
Your system is resistant to poisons. (rPois)
You cover ground very slowly.
You can spit poison.
You have a snake-like lower body.


Message History

You hear a shout!
The gnoll closely misses you.
You have got your breath back.
You kill the gnoll!
Your Fire Magic skill increases to level 4!
You have reached level 4!
You feel stronger.
Abil: Spit Poison
Press: ? - help, Q - select action, (/) - cycle Shift-Dir - straight line, f - gnoll
Aim: a gnoll, wielding a +0 halberd (heavily wounded, more vulnerable to fire)
The splash of poison misses the gnoll.
The gnoll barely misses you.
The gnoll is no longer more vulnerable to fire.
The gnoll closely misses you.
You can't do that yet.
Unknown command.
Casting: Scorch (safe; 6% risk of failure)
Confirm with . or Enter, or press ? or * to list all spells.
You miscast Scorch.
You are very lightly contaminated with residual magic.
Nothing appears to happen.
You have got your breath back.
The gnoll barely misses you.
Abil: Spit Poison
Press: ? - help, Q - select action, (/) - cycle Shift-Dir - straight line, f/p - gnoll
Aim: a gnoll, wielding a +0 halberd (heavily wounded)
The splash of poison misses the gnoll.
The gnoll hits you from afar with a +0 halberd.
The gnoll hits you with a +0 halberd!
You hit the gnoll but do no damage.
The gnoll is heavily wounded.
The gnoll hits you with a +0 halberd.
* * * LOW HITPOINT WARNING * * *
The gnoll barely misses you.
Okay, then.
Okay, then.
It was a potion of resistance.
You feel protected. The gnoll hits you with a +0 halberd!
You die...

#........# ..# #..
#.######.# #.# #.# #.#
#.# #.# #.# #.#### #.#
##.###.## .....# #.#
#....)).# #.##.# #.# #
#..###........#
#.##.###.# #.##..#
##.#...... #........#
#...g.# #.......#
####...### ####@##
#####.### .#####.#
###.## .# ..# #.#
#....# # .## #.#
#.#>## ## #.# #.### #
#.# #.### ## #.#
#.#.##
#...##.#######....####
.....................+


You could see a gnoll.

Vanquished Creatures
  2 gnolls (D:3)
  A worm (D:2)
  3 dart slugs (D:1)
  6 ball pythons
  2 endoplasms
  A goblin (D:1)
  5 hobgoblins
  A quokka (D:2)
  3 bats
  5 frilled lizards (D:1)
  4 kobolds (D:1)
  4 rats
37 creatures vanquished.

Notes
Turn   | Place    | Note
-------+----------+-------------------------------------------
     0 | D:1      | miscthings the Naga Cinder Acolyte began the quest for the
                  | Orb.
     0 | D:1      | Reached XP level 1. HP: 21/21 MP: 2/2
   117 | D:1      | Reached XP level 2. HP: 24/28 MP: 4/4
   124 | D:1      | Learned a level 2 spell: Scorch
   144 | D:1      | Got Bayna's Handbook of Dusty Air
   376 | D:1      | Reached XP level 3. HP: 31/34 MP: 3/5
  1163 | D:2      | Found a faded altar of an unknown god.
  1681 | D:3      | Found Yxept's Antique Armour Shoppe.
  1895 | D:3      | Reached skill level 4 in Fire Magic
  1895 | D:3      | Reached XP level 4. HP: 32/42 MP: 1/7
  1904 | D:3      | Slain by a gnoll

Illustrated notes

Levels and vault maps discovered:
D:1:      heliophobic_arrival_dark_side_of_the_moon, layout_loops_ring,
          minmay_tromino_v4_c
D:2:      layout_loops_corners, dreamdust_ecumenical_altar_hidden_monk_grotto
D:3:      minmay_door_path, layout_loops_corners, serial_shops,
          nicolae_shop_stone, uniq_crazy_yiuf_cottage

Skill      XL: |  1  2  3 |
---------------+----------+-----
Spellcasting   | 2 |  2.5
Fire Magic     | 4 |  4.0
Fighting       | |  3.0
Maces & Flails | |  3.0

Action                   |  1- 3 |  4- 6 || total
-------------------------+-------+-------++-------
Melee: Mace              |    34 |     1 ||    35
 Cast: Scorch            |    17 |       ||    17
 Abil: Spit Poison       |    22 |     2 ||    24
  Use: Potion            |       |     1 ||     1
Armor: Robe              |     7 |       ||     7
Dodge: Dodged            |    19 |     4 ||    23

Table legend: (Time is in decaauts)
 A = Elapsed time spent in this place.
 B = Non-inter-level travel time spent in this place.
 C = Inter-level travel time spent in this place.
 D = Time resting spent in this place.
 E = Time spent auto-exploring this place.
 F = Levels seen in this place.
 G = Mean time per level.
                   A        B        C        D        E       F      G
               +--------+--------+--------+--------+--------+-----+--------+
         Total |   2622 |   2444 |    178 |      0 |   2140 |   3 |  874.0 |
       Dungeon |   2622 |   2444 |    178 |      0 |   2140 |   3 |  874.0 |
               +--------+--------+--------+--------+--------+-----+--------+

Top non-repeatable levels by time:
     D:2: 1293 daAuts
     D:1: 927 daAuts
     D:3: 400 daAuts
